 Dungeon Crawl Stone Soup version 0.31-a0-221-gbddc013574 (webtiles) character file.

Game seed: 3924553742016996984

26588 qw the Marksminotaur (level 12, -21/110 HPs)
             Began as a Minotaur Hexslinger on July 4, 2023.
             Was a Priest of Okawaru.
             Killed from afar by an oklob plant (23 damage)
             ... with a splash of acid
             ... on level 4 of the Lair of Beasts.
             The game lasted 00:05:40 (13912 turns).

qw the Marksminotaur (Minotaur Hexslinger)         Turns: 13912, Time: 00:05:40

Health: -21/110    AC:  8    Str: 17    XL:     12   Next: 99%
Magic:  13/14      EV: 26    Int:  9    God:    Okawaru [***...]
Gold:   899        SH:  0    Dex: 26    Spells: 12/13 levels left

rFire   + + +        Y - +3 longbow (flame)
rCold   . . .        (shield currently unavailable)
rNeg    . . .        o - +1 leather armour of Decompression {rF+ Dex+3 SInv}
rPois   +            n - +2 hat {Will+}
rElec   +            r - +0 cloak
rCorr   .            (no gloves)
SInv    +            q - +2 pair of boots
Will    .....        (no amulet)
Stlth   +++          l - ring of poison resistance
HPRegen 0.38/turn    a - ring of False Hope {rElec rF++ Will- Str+6 Slay+2}
MPRegen 0.14/turn

%: no passive effects
@: heroic, corroded
A: horns 2, retaliatory headbutt, agile 1
a: Renounce Religion, Heroism


You were on level 4 of the Lair of Beasts.
You worshipped Okawaru.
Okawaru was most pleased with you.
You visited 3 branches of the dungeon, and saw 15 of its levels.

You collected 899 gold pieces.


Innate Abilities, Weirdness & Mutations

You have a pair of horns on your head.
You reflexively headbutt those who attack you in melee.
You are agile. (Dex +4, Str/Int -1)


   Skills:
 + Level 11.5(16.5) Fighting
 - Level 18.0(23.0) Ranged Weapons
 - Level 4.0(9.0) Armour
 - Level 10.3(15.3) Dodging
 - Level 1.0 Spellcasting
 - Level 2.0 Hexes
 - Level 5.1 Invocations


You had 12 spell levels left.
You knew the following spells:

 Your Spells              Type           Power      Damage    Failure   Level
a - Slow                  Hex            16%        N/A       19%         1

Your spell library contained the following spells:

 Spells                   Type           Power      Damage    Failure   Level
 Inner Flame              Hex/Fire       2%         N/A       63%         3
 Portal Projectile        Hex/Tloc       4%         N/A       63%         3
 Cause Fear               Hex            2%         N/A       88%         4

Inventory:

Hand Weapons
 Y - a +3 longbow of flaming (weapon)
Armour
 n - a +2 hat of willpower (worn)
 o - the +1 leather armour of Decompression (worn) {rF+ Dex+3 SInv}
   (You found it on level 4 of the Dungeon)

   Dex:       It affects your dexterity (+3).
   rF:        It protects you from fire.
   SInv:      It lets you see invisible.
 q - a +2 pair of boots (worn)
 r - a +0 cloak (worn)
 s - the +0 robe "Lekkeask" {rElec rPois rC+ Slay-2}
   (You found it on level 3 of the Lair of Beasts)

   Slay:      It affects your accuracy & damage with ranged weapons and melee
   (-2).
   rC:        It protects you from cold.
   rElec:     It insulates you from electricity.
   rPois:     It protects you from poison.
Jewellery
 a - the ring of False Hope (right hand) {rElec rF++ Will- Str+6 Slay+2}
   (You acquired it on level 1 of the Dungeon)

   [ring of strength]

   Str:       It affects your strength (+6).
   Slay:      It affects your accuracy & damage with ranged weapons and melee
   (+2).
   rF:        It greatly protects you from fire.
   rElec:     It insulates you from electricity.
   Will:      It decreases your willpower.
 b - a ring of poison resistance
 e - a ring of see invisible
 g - a ring of willpower
 h - a +4 ring of protection
 j - a ring of fire
 l - a ring of poison resistance (left hand)
Wands
 w - a wand of digging (7)
Scrolls
 p - 2 scrolls of identify
Potions
 c - 3 potions of mutation
 f - a potion of cancellation
 k - a potion of resistance
 m - 2 potions of haste
 t - 4 potions of curing

Dungeon Overview and Level Annotations

Branches:
Dungeon (10/15)            Temple (1/1) D:7            Lair (4/5) D:10
 Shoals (0/4) Lair:2        Snake (0/4) Lair:2          Orc (0/2) D:9
  Slime: Lair:4-5

Altars:
Ashenzari
Cheibriados
Dithmenos
Elyvilon
Fedhas
Gozag
Hepliaklqana
Kikubaaqudgha
Makhleb
Nemelex Xobeh
Okawaru
Qazlal
Ru
Sif Muna
Trog
Uskayaw
Vehumet
Wu Jian
Xom
Yredelemnul
Zin
The Shining One

Annotations:
D:5 3 runed translucent doors, qw's ghost, novice MiHs


Message History

The floating eye seems to glare at you.
You can move again.
The floating eye gazes piercingly through you!
You suddenly lose the ability to move!
The floating eye's view fixates on you.
You can move again.
The floating eye gazes piercingly through you!
You shrug off the repeated paralysis!
You feel like a meek peon again.
13898 ||| INVOKING Heroism.
You gain the combat prowess of a mighty hero.
The floating eye's view fixates on you.
The floating eye gazes piercingly through you!
You suddenly lose the ability to move!
The floating eye seems to glare at you.
You can move again.
Enter note: You shoot an arrow.
The arrow completely misses the bush.
The arrow hits the plant.
The plant begins to die.
The arrow burns the plant.
The plant is lightly damaged.
A nearby plant withers and dies.
The oklob plant spits acid at you. The splash of acid hits you!!
You shoot an arrow. The arrow hits the floating eye!
The arrow burns the floating eye.
The floating eye is almost dead.
You shoot an arrow. The arrow hits the floating eye.
The arrow burns the floating eye.
You kill the floating eye!
Okawaru accepts your kill. The oklob plant spits acid at you.
The splash of acid hits you!! The acid corrodes you!
You shoot an arrow. The arrow hits the oklob plant.
The arrow burns the oklob plant.
The oklob plant is lightly damaged.
The oklob plant spits acid at you. The splash of acid hits you!
The oklob plant spits acid at you. The splash of acid hits you!!
You die...

...............
..........P.....
.........PPPP....
........PP>PP....
.......PP).)P....
........P(..PP....
........P...P.P...
........@PPPP.....
........%.P.P.....
..................
..................
...............[.#
....##...........
...........#......
......#..#.#....#.
.....##..###....#


You could see 3 oklob plants.

Vanquished Creatures
  Gastronok (Lair:1)
  Nessos (Lair:3)
  A hydra (Lair:2)
  Erica (D:9)
  3 death yaks (Lair:3)
  A skyshark (Lair:3)
  A fire crab (D:10)
  Pikel (D:9)
  An oklob plant (Lair:4)
  A salamander (Lair:2)
  A manticore (Lair:2)
  A black mamba (Lair:2)
  An elephant (Lair:4)
  5 cane toads
  Psyche (D:8)
  A rime drake (Lair:3)
  2 komodo dragons
  A wind drake (Lair:2)
  2 hornets
  4 blink frogs (Lair:4)
  Sigmund (D:6)
  2 vampires
  5 wyverns
  56 yaks
  A fire elemental (Lair:2)
  A steam dragon (D:9)
  Grum (D:8)
  3 acid dragons
  7 water moccasins
  3 orc warriors
  A floating eye (Lair:4)
  4 sky beasts
  A black bear (D:7)
  3 wolves (D:8)
  2 ogres (D:8)
  3 centaurs
  7 bullfrogs
  2 gnoll sergeants
  4 scorpions
  5 wights (D:8)
  6 killer bees (D:10)
  4 lava snakes (Lair:2)
  A jelly (D:7)
  6 orc priests
  8 hounds
  3 iguanas
  An iron imp (D:10)
  A sleepcap (D:6)
  A gnoll bouda (D:8)
  8 orc wizards
  Terence (D:3)
  20 gnolls
  9 adders
  2 worms (D:2)
  3 dart slugs
  25 orcs
  4 bats
  11 endoplasms
  3 giant cockroaches
  9 goblins
  11 hobgoblins
  6 jackals
  6 quokkas
  9 ball pythons
  4 frilled lizards
  15 kobolds
  7 rats
327 creatures vanquished.

Notes
Turn   | Place    | Note
-------+----------+-------------------------------------------
     0 | D:1      | qw the Minotaur Hexslinger began the quest for the Orb.
     0 | D:1      | Reached XP level 1. HP: 16/16 MP: 1/1
     0 | D:1      | 0 ||| qw: Version: 0.3-a-40-ge99b1a8
     0 | D:1      | 0 ||| qw: Game counter: 665
     0 | D:1      | 0 ||| qw: Melee chars always use a shield: true
     0 | D:1      | 0 ||| qw: God list: Okawaru
     0 | D:1      | 0 ||| qw: Allow faded altars: false
     0 | D:1      | 0 ||| qw: Do Orc after clearing Dungeon:15 true
     0 | D:1      | 0 ||| qw: Do second Lair branch before Depths: true
     0 | D:1      | 0 ||| qw: Lair rune preference: random
     0 | D:1      | 0 ||| qw: Goals: Normal
     0 | D:1      | 0 ||| PLANNING D:1-11
   207 | D:1      | Reached skill level 3 in Ranged Weapons
   207 | D:1      | Reached XP level 2. HP: 6/23 MP: 2/2
   507 | D:1      | Reached XP level 3. HP: 29/29 MP: 3/3
   879 | D:1      | 879 ||| UPGRADING to +4 ring of protection.
   880 | D:1      | 880 ||| READING scroll labelled GITUEC HOKHYPH.
   933 | D:1      | 933 ||| READING scroll labelled OKOTEY LORHI.
   933 | D:1      | Identified a scroll of acquirement
   933 | D:1      | 933 ||| ACQUIRING ring of False Hope {rElec rF++ Will-
                  | Str+6 Slay+2}
   933 | D:1      | Acquired the ring of False Hope {rElec rF++ Will- Str+6
                  | Slay+2}
   935 | D:1      | 935 ||| UPGRADING to ring of False Hope {rElec rF++ Will-
                  | Str+6 Slay+2}.
   936 | D:1      | 936 ||| READING scroll labelled QUEPNA SIERE.
   937 | D:1      | 937 ||| READING scroll labelled BALA PAENE.
   940 | D:1      | 940 ||| DROPPING scroll of poison.
   991 | D:2      | Reached skill level 4 in Ranged Weapons
  1137 | D:2      | Reached XP level 4. HP: 36/36 MP: 4/4
  1401 | D:2      | Reached skill level 5 in Ranged Weapons
  1541 | D:2      | 1541 ||| READING scroll labelled OTZEUM FUVUGGE.
  1542 | D:2      | 1542 ||| DRINKING 2 pink potions.
  1546 | D:3      | Found a stormy altar of Qazlal.
  1729 | D:3      | Reached skill level 3 in Fighting
  1750 | D:3      | Reached XP level 5. HP: 40/45 MP: 5/5
  2009 | D:3      | Noticed Terence
  2019 | D:3      | Killed Terence
  2162 | D:3      | 2162 ||| UPGRADING to +0 leather armour.
  2172 | D:3      | 2172 ||| DROPPING +0 robe.
  2173 | D:3      | 2173 ||| UPGRADING to +0 ring mail.
  2183 | D:3      | 2183 ||| DROPPING +0 leather armour.
  2184 | D:3      | 2184 ||| READING scroll labelled YDDEASM AMUM.
  2185 | D:3      | 2185 ||| READING scroll labelled IWYIQA NUTA.
  2186 | D:3      | 2186 ||| DRINKING 3 glowing green potions.
  2187 | D:3      | 2187 ||| DROPPING 2 potions of magic.
  2206 | D:4      | 2206 ||| STAIRDANCE
  2209 | D:3      | Reached skill level 1 in Armour
  2357 | D:4      | Reached skill level 6 in Ranged Weapons
  2357 | D:4      | Reached XP level 6. HP: 45/51 MP: 6/6
  2624 | D:4      | Identified the +1 leather armour of Decompression {rF+
                  | Dex+3 SInv}
  2790 | D:4      | HP: 8/52 [iguana (11)]
  2791 | D:4      | 2791 ||| READING scroll of teleportation.
  3126 | D:4      | 3126 ||| UPGRADING to +1 leather armour of Decompression
                  | {rF+ Dex+3 SInv}.
  3136 | D:4      | 3136 ||| DROPPING +0 ring mail.
  3137 | D:4      | 3137 ||| READING scroll labelled DEGEEHAHAF.
  3138 | D:4      | 3138 ||| READING scroll labelled USOUHIJOASK.
  3139 | D:4      | 3139 ||| READING scroll labelled FICLIKHOKYCH.
  3147 | D:5      | Entered Level 5 of the Dungeon
  3158 | D:5      | 3158 ||| Stepping ~*~*~tactically~*~*~ (outnumbered).
  3232 | D:5      | Reached skill level 7 in Ranged Weapons
  3289 | D:5      | Reached XP level 7. HP: 59/59 MP: 7/7
  3335 | D:5      | Reached skill level 3 in Dodging
  3387 | D:5      | 3387 ||| SWAPPING to +0 shortbow.
  3388 | D:5      | 3388 ||| DROPPING +1 sling of chaos.
  3489 | D:5      | Reached skill level 8 in Ranged Weapons
  3566 | D:5      | Found a runed translucent gate.
  3566 | D:5      | Found a runed translucent gate.
  3567 | D:5      | Found a runed translucent gate.
  3567 | D:5      | Noticed qw's ghost (novice MiHs)
  3570 | D:5      | Identified the +6 spear of Cyiffanacs {venom, Fly rN+
                  | Int+4}
  3570 | D:5      | Identified the +1 leather armour of Plasticity {rC+}
  3931 | D:6      | 3931 ||| STAIRDANCE
  4006 | D:6      | 4006 ||| STAIRDANCE
  4086 | D:6      | 4086 ||| STAIRDANCE
  4316 | D:6      | Found a basalt altar of Yredelemnul.
  4319 | D:6      | Noticed Sigmund
  4325 | D:6      | 4325 ||| DRINKING 2 potions of curing.
  4325 | D:6      | 4325 ||| (to cure confusion)
  4333 | D:6      | Killed Sigmund
  4334 | D:6      | Reached skill level 9 in Ranged Weapons
  4334 | D:6      | Reached XP level 8. HP: 50/68 MP: 8/8
  4405 | D:6      | 4405 ||| READING scroll of acquirement.
  4405 | D:6      | 4405 ||| ACQUIRING +2 hat of willpower
  4405 | D:6      | Acquired a +2 hat of willpower
  4407 | D:6      | 4407 ||| UPGRADING to +2 hat of willpower.
  4424 | D:6      | Identified the +0 whip "Fish" {drain, Will++}
  4742 | D:6      | 4742 ||| UPGRADING to +0 cloak.
  4940 | D:6      | 4940 ||| READING scroll labelled HYC LESOLE.
  4941 | D:6      | 4941 ||| READING scroll labelled KYJEPOXZARPH.
  4942 | D:6      | 4942 ||| DRINKING 2 lumpy clear potions.
  4985 | D:7      | 4985 ||| STAIRDANCE
  5073 | D:7      | 5073 ||| STAIRDANCE
  5219 | D:7      | Found a staircase to the Ecumenical Temple.
  5220 | D:7      | 5220 ||| PLANNING TEMPLE
  5226 | Temple   | Entered the Ecumenical Temple
  5298 | Temple   | 5298 ||| PLANNING D:1-11
  5492 | D:7      | Reached skill level 6 in Fighting
  5781 | D:7      | Reached skill level 10 in Ranged Weapons
  6034 | D:7      | Reached XP level 9. HP: 75/79 MP: 9/9
  6451 | D:7      | Found a sacrificial altar of Ru.
  6456 | D:7      | 6456 ||| UPGRADING to +1 pair of boots.
  6461 | D:7      | 6461 ||| UPGRADING to ring of poison resistance.
  6463 | D:7      | 6463 ||| READING scroll labelled YSITHAYGAI.
  6464 | D:7      | 6464 ||| DRINKING 3 sedimented green potions.
  6464 | D:7      | Gained mutation: You are agile. (Dex +4, Str/Int -1)
                  | [potion of mutation]
  6465 | D:7      | 6465 ||| READING 3 scrolls of identify.
  6465 | D:7      | 6465 ||| IDENTIFYING fizzy inky potion
  6466 | D:7      | 6466 ||| READING 2 scrolls of identify.
  6466 | D:7      | 6466 ||| IDENTIFYING bubbling cyan potion
  6467 | D:7      | 6467 ||| DROPPING potion of degeneration.
  6673 | D:8      | HP: 17/78 [wight/+2 mace (11)]
  6674 | D:8      | Reached skill level 6 in Dodging
  6674 | D:8      | 6674 ||| DRINKING potion of heal wounds.
  6679 | D:8      | HP: 19/79 [wight/+4 flail (6)]
  6690 | D:8      | Noticed Grum
  6691 | D:8      | 6691 ||| FLEEEEING.
  6735 | D:8      | 6735 ||| FLEEEEING.
  6736 | D:8      | 6736 ||| FLEEEEING.
  6737 | D:8      | 6737 ||| FLEEEEING.
  6738 | D:8      | 6738 ||| FLEEEEING.
  6947 | D:8      | Noticed Psyche
  6948 | D:8      | 6948 ||| SWAPPING to +0 arbalest.
  6956 | D:8      | Killed Psyche
  6957 | D:8      | Reached skill level 11 in Ranged Weapons
  6969 | D:8      | 6969 ||| DROPPING +0 shortbow.
  7187 | D:8      | 7187 ||| Stepping ~*~*~tactically~*~*~ (outnumbered).
  7217 | D:8      | Reached skill level 12 in Ranged Weapons
  7437 | D:8      | Killed Grum
  7438 | D:8      | Reached XP level 10. HP: 88/88 MP: 10/10
  7783 | D:9      | Reached skill level 13 in Ranged Weapons
  7935 | D:9      | 7935 ||| DRINKING potion of curing.
  7935 | D:9      | 7935 ||| (to cure confusion)
  7951 | D:9      | Reached skill level 9 in Fighting
  8108 | D:9      | Noticed Pikel
  8115 | D:9      | Killed Pikel
  8123 | D:9      | Reached skill level 3 in Armour
  8168 | D:9      | 8168 ||| Stepping ~*~*~tactically~*~*~ (outnumbered).
  8170 | D:9      | 8170 ||| Stepping ~*~*~tactically~*~*~ (outnumbered).
  8205 | D:9      | Reached skill level 14 in Ranged Weapons
  8211 | D:9      | Reached XP level 11. HP: 25/97 MP: 11/11
  8463 | D:9      | Found a glowing silver altar of Zin.
  8765 | D:9      | Noticed Erica
  8772 | D:9      | Killed Erica
  8802 | D:9      | Paralysed by a hornet for 3 turns
  9006 | D:9      | Found a staircase to the Orcish Mines.
  9060 | D:10     | Entered Level 10 of the Dungeon
  9060 | D:10     | Found an iron altar of Okawaru.
  9061 | D:10     | 9061 ||| PLANNING OKAWARU WORSHIP
  9075 | D:10     | Became a worshipper of Warmaster Okawaru
  9076 | D:10     | 9076 ||| PLANNING D:1-11
  9123 | D:10     | Found a staircase to the Lair.
  9123 | D:10     | Noticed a fire crab
  9128 | D:10     | Killed a fire crab
  9129 | D:10     | Reached skill level 9 in Dodging
  9251 | D:10     | 9251 ||| FLEEEEING.
  9253 | D:10     | 9253 ||| FLEEEEING.
  9255 | D:10     | 9255 ||| FLEEEEING.
  9256 | D:10     | 9256 ||| FLEEEEING.
  9257 | D:10     | 9257 ||| FLEEEEING.
  9258 | D:10     | 9258 ||| FLEEEEING.
  9259 | D:10     | 9259 ||| FLEEEEING.
  9260 | D:10     | 9260 ||| FLEEEEING.
  9261 | D:10     | 9261 ||| FLEEEEING.
  9262 | D:10     | 9262 ||| FLEEEEING.
  9263 | D:10     | 9263 ||| FLEEEEING.
  9264 | D:10     | 9264 ||| FLEEEEING.
  9265 | D:10     | 9265 ||| FLEEEEING.
  9266 | D:10     | 9266 ||| FLEEEEING.
  9267 | D:10     | 9267 ||| FLEEEEING.
  9268 | D:10     | 9268 ||| FLEEEEING.
  9269 | D:10     | 9269 ||| FLEEEEING.
  9270 | D:10     | 9270 ||| FLEEEEING.
  9271 | D:10     | 9271 ||| FLEEEEING.
  9272 | D:10     | 9272 ||| FLEEEEING.
  9273 | D:10     | 9273 ||| FLEEEEING.
  9274 | D:10     | 9274 ||| FLEEEEING.
  9275 | D:10     | 9275 ||| FLEEEEING.
  9276 | D:10     | 9276 ||| FLEEEEING.
  9278 | D:10     | 9278 ||| FLEEEEING.
  9279 | D:10     | 9279 ||| FLEEEEING.
  9280 | D:10     | 9280 ||| FLEEEEING.
  9281 | D:10     | 9281 ||| FLEEEEING.
  9282 | D:10     | 9282 ||| FLEEEEING.
  9283 | D:10     | 9283 ||| FLEEEEING.
  9284 | D:10     | 9284 ||| FLEEEEING.
  9285 | D:10     | 9285 ||| FLEEEEING.
  9286 | D:10     | 9286 ||| FLEEEEING.
  9287 | D:10     | 9287 ||| FLEEEEING.
  9288 | D:10     | 9288 ||| FLEEEEING.
  9289 | D:10     | 9289 ||| FLEEEEING.
  9290 | D:10     | 9290 ||| FLEEEEING.
  9291 | D:10     | 9291 ||| FLEEEEING.
  9292 | D:10     | 9292 ||| FLEEEEING.
  9293 | D:10     | 9293 ||| FLEEEEING.
  9294 | D:10     | 9294 ||| FLEEEEING.
  9298 | D:10     | 9298 ||| FLEEEEING.
  9299 | D:10     | 9299 ||| FLEEEEING.
  9302 | D:10     | 9302 ||| STAIRDANCE
  9462 | D:10     | Reached * piety under Okawaru
  9531 | D:10     | Found a snail-covered altar of Cheibriados.
  9587 | D:10     | Reached skill level 1 in Invocations
  9599 | D:10     | 9599 ||| INVOKING Heroism.
  9753 | D:10     | Found a bloodstained altar of Trog.
 10079 | D:10     | Found an ornate altar of the Wu Jian Council.
 10107 | D:10     | Reached skill level 3 in Invocations
 10117 | D:10     | Reached ** piety under Okawaru
 10120 | D:10     | Reached skill level 15 in Ranged Weapons
 10276 | D:10     | 10276 ||| PLANNING LAIR
 10276 | D:10     | 10276 ||| READING 2 scrolls of identify.
 10276 | D:10     | 10276 ||| IDENTIFYING lumpy amethyst potion
 10277 | D:10     | 10277 ||| DROPPING potion of brilliance.
 10316 | Lair:1   | Entered Level 1 of the Lair of Beasts
 10387 | Lair:1   | 10387 ||| INVOKING Heroism.
 10429 | Lair:1   | Noticed Gastronok
 10430 | Lair:1   | 10430 ||| INVOKING Heroism.
 10447 | Lair:1   | Killed Gastronok
 10880 | Lair:1   | 10880 ||| INVOKING Heroism.
 10889 | Lair:1   | Reached skill level 16 in Ranged Weapons
 10896 | Lair:1   | Reached XP level 12. HP: 90/107 MP: 14/14
 10909 | Lair:1   | Reached *** piety under Okawaru
 10988 | Lair:1   | 10988 ||| INVOKING Heroism.
 11013 | Lair:1   | 11013 ||| READING scroll of enchant armour.
 11013 | Lair:1   | 11013 ||| ENCHANTING +1 pair of boots.
 11287 | Lair:1   | 11287 ||| READING 2 scrolls of identify.
 11287 | Lair:1   | 11287 ||| IDENTIFYING green potion
 11306 | Lair:2   | Noticed a seven-headed hydra
 11307 | Lair:2   | 11307 ||| INVOKING Heroism.
 11311 | Lair:2   | Killed a seven-headed hydra
 11720 | Lair:2   | 11720 ||| INVOKING Heroism.
 11767 | Lair:2   | 11767 ||| INVOKING Heroism.
 11790 | Lair:2   | 11790 ||| INVOKING Heroism.
 11896 | Lair:2   | Found a staircase to the Shoals.
 12080 | Lair:2   | Reached skill level 17 in Ranged Weapons
 12306 | Lair:2   | Found a staircase to the Snake Pit.
 12308 | Lair:2   | 12308 ||| Stepping ~*~*~tactically~*~*~ (outnumbered).
 12311 | Lair:2   | 12311 ||| Stepping ~*~*~tactically~*~*~ (outnumbered).
 12465 | Lair:2   | 12465 ||| READING 4 scrolls of identify.
 12465 | Lair:2   | 12465 ||| IDENTIFYING black potion
 12466 | Lair:2   | 12466 ||| READING 3 scrolls of identify.
 12466 | Lair:2   | 12466 ||| IDENTIFYING fizzy dark potion
 12467 | Lair:2   | 12467 ||| DROPPING potion of invisibility.
 12468 | Lair:2   | 12468 ||| DROPPING potion of ambrosia.
 12521 | Lair:3   | 12521 ||| INVOKING Heroism.
 12561 | Lair:3   | Identified the +0 robe "Lekkeask" {rElec rPois rC+ Slay-2}
 12767 | Lair:3   | Noticed Nessos
 12775 | Lair:3   | 12775 ||| INVOKING Heroism.
 12775 | Lair:3   | Paralysed by Nessos for 2 turns
 12776 | Lair:3   | HP: 26/110 [Nessos/arrow (10)]
 12777 | Lair:3   | 12777 ||| READING scroll of teleportation.
 12778 | Lair:3   | 12778 ||| DRINKING 2 potions of heal wounds.
 12779 | Lair:3   | Killed Nessos
 12787 | Lair:3   | HP: 27/110 [poisoned by Nessos]
 13028 | Lair:3   | Noticed a death yak
 13029 | Lair:3   | 13029 ||| INVOKING Heroism.
 13030 | Lair:3   | Noticed a death yak
 13034 | Lair:3   | Noticed a death yak
 13038 | Lair:3   | Killed a death yak
 13038 | Lair:3   | Reached **** piety under Okawaru
 13043 | Lair:3   | Killed a death yak
 13045 | Lair:3   | 13045 ||| INVOKING Heroism.
 13050 | Lair:3   | Killed a death yak
 13189 | Lair:3   | 13189 ||| SWAPPING to +3 longbow of flaming.
 13190 | Lair:3   | 13190 ||| DROPPING +0 arbalest.
 13464 | Lair:3   | 13464 ||| INVOKING Heroism.
 13695 | Lair:3   | 13695 ||| READING scroll labelled CIMOAD HINGEYDAR.
 13740 | Lair:4   | 13740 ||| INVOKING Heroism.
 13746 | Lair:4   | Paralysed by a floating eye for 2 turns
 13750 | Lair:4   | Paralysed by a floating eye for 4 turns
 13755 | Lair:4   | Paralysed by a floating eye for 2 turns
 13760 | Lair:4   | Paralysed by a floating eye for 2 turns
 13765 | Lair:4   | 13765 ||| INVOKING Heroism.
 13766 | Lair:4   | Paralysed by a floating eye for 4 turns
 13774 | Lair:4   | Paralysed by a floating eye for 3 turns
 13783 | Lair:4   | Paralysed by a floating eye for 4 turns
 13789 | Lair:4   | Paralysed by a floating eye for 3 turns
 13795 | Lair:4   | Paralysed by a floating eye for 2 turns
 13797 | Lair:4   | 13797 ||| INVOKING Heroism.
 13800 | Lair:4   | Reached skill level 18 in Ranged Weapons
 13804 | Lair:4   | Paralysed by a floating eye for 2 turns
 13806 | Lair:4   | HP: 11/110 [oklob plant/splash of acid (19)]
 13807 | Lair:4   | 13807 ||| DRINKING potion of heal wounds.
 13818 | Lair:4   | 13818 ||| INVOKING Heroism.
 13819 | Lair:4   | Paralysed by a floating eye for 2 turns
 13824 | Lair:4   | Paralysed by a floating eye for 3 turns
 13831 | Lair:4   | Paralysed by a floating eye for 3 turns
 13841 | Lair:4   | Paralysed by a floating eye for 2 turns
 13843 | Lair:4   | 13843 ||| INVOKING Heroism.
 13847 | Lair:4   | Paralysed by a floating eye for 4 turns
 13856 | Lair:4   | Paralysed by a floating eye for 4 turns
 13860 | Lair:4   | 13860 ||| INVOKING Heroism.
 13863 | Lair:4   | Paralysed by a floating eye for 4 turns
 13870 | Lair:4   | Paralysed by a floating eye for 4 turns
 13877 | Lair:4   | Paralysed by a floating eye for 2 turns
 13888 | Lair:4   | Paralysed by a floating eye for 2 turns
 13893 | Lair:4   | Paralysed by a floating eye for 3 turns
 13898 | Lair:4   | 13898 ||| INVOKING Heroism.
 13901 | Lair:4   | Paralysed by a floating eye for 4 turns
 13911 | Lair:4   | HP: 16/110 [oklob plant/splash of acid (27)]
 13912 | Lair:4   | HP: 2/110 [oklob plant/splash of acid (14)]
 13912 | Lair:4   | Killed from afar by an oklob plant

Levels and vault maps discovered:
D:1:      tarquinn_simple_flora_water_e, layout_basic
D:2:      layout_rooms, minmay_octomino_j4
D:3:      layout_basic, general_overflow_altar, uniq_terence
D:4:      layout_basic
D:5:      layout_loops_ring, biasface_ghost_orc_armoury
D:6:      layout_basic, mainiacjoe_overflow_chevrons, roderic_nine_men_s_morris,
          uniq_sigmund
D:7:      layout_layer_cave, nicolae_ru_the_path_less_chosen,
          minmay_temple_entry_overgrown
D:8:      kennysheep_housing_project, layout_loops_ring, uniq_psyche, uniq_grum
D:9:      layout_basic, zin_treasury, orc_0_dummy, uniq_erica, uniq_pikel
D:10:     layout_long_grid, lemuel_crystal_altar, slow_altar_1,
          mainiacjoe_overflow_small_starburst, pdpol_wu_jian_five_deadly_venoms,
          minmay_lair_entry_lava
Temple:   nicolae_temple_great_sept
Lair:1:   layout_cave_pods, infiniplex_staircase_pool_2, uniq_gastronok
Lair:2:   layout_loops_ring, minmay_shoals_entry_beasts,
          nicolae_snake_entry_warm_welcome, nicolae_quartered_pool_impasse,
          lemuel_fruit_tree
Lair:3:   layout_roguey, uniq_nessos
Lair:4:   mu_elephants_graveyard, layout_regular_city, disabler_island

Skill      XL: |  1  2  3  4  5  6  7  8  9 10 11 12 |
---------------+-------------------------------------+-----
Ranged Weapons | 3 4 5 6 7 9 10 12 14 16 18 | 18.0
Fighting       | 2 3 4 5 7 8 9 10 11 | 11.5
Armour         | 1 2 3 4 |  4.0
Dodging        | 3 5 7 8 9 10 | 10.3
Invocations    | 4 5 |  5.1
Spellcasting   | |  1.0
Hexes          | |  2.0

Action                     |  1- 3 |  4- 6 |  7- 9 | 10-12 || total
---------------------------+-------+-------+-------+-------++-------
   Fire: Sling             |   114 |   225 |    12 |       ||   351
         Shortbow          |       |       |   220 |       ||   220
         Arbalest          |       |       |    99 |   446 ||   545
         Longbow           |       |       |       |    34 ||    34
 Invoke: Heroism           |       |       |       |    21 ||    21
    Use: Scroll            |     4 |     7 |     6 |     7 ||    24
         Potion            |       |     2 |     4 |     3 ||     9
 Armour: Robe              |    14 |    12 |       |       ||    26
         Ring mail         |       |    17 |       |       ||    17
         Leather armour    |       |     7 |    65 |    57 ||   129
  Dodge: Dodged            |    27 |    54 |   116 |   287 ||   484

Table legend:
 A = Non-vault XP
 B = Vault XP
 C = Vault XP percentage of total XP
 D = Non-vault monster count
 E = Vault monster count
 F = Vault count percentage of total count
                 A         B        C        D         E       F
            +---------+---------+-------+---------+---------+-------
      Total |   28399 |    9584 |  25.2 |     270 |      57 |  17.4
            +---------+---------+-------+---------+---------+-------
        D:1 |      59 |       0 |   0.0 |      28 |       0 |   0.0
        D:2 |      76 |      20 |  20.8 |      18 |       4 |  18.2
        D:3 |     115 |      32 |  21.8 |      28 |       1 |   3.4
        D:4 |     203 |       0 |   0.0 |      20 |       0 |   0.0
        D:5 |     708 |       0 |   0.0 |      25 |       0 |   0.0
        D:6 |     501 |     239 |  32.3 |      13 |       1 |   7.1
        D:7 |    1037 |       0 |   0.0 |      10 |       0 |   0.0
        D:8 |     814 |    1875 |  69.7 |      11 |      35 |  76.1
        D:9 |    5463 |    1443 |  20.9 |      32 |       2 |   5.9
       D:10 |    4467 |     796 |  15.1 |      34 |       2 |   5.6
     Lair:1 |    4136 |    1414 |  25.5 |      16 |       1 |   5.9
     Lair:2 |    5468 |    1512 |  21.7 |      23 |       7 |  23.3
     Lair:3 |    4280 |    1065 |  19.9 |       8 |       1 |  11.1
     Lair:4 |    1072 |    1188 |  52.6 |       4 |       3 |  42.9
            +---------+---------+-------+---------+---------+-------
